 Dungeon Crawl Stone Soup version 0.28.0-43-g3370ac3207 (webtiles) character file.

Game seed: 9605482797126322670

8701 boopmooplesden the Carver (level 11, 0/95 HPs)
             Began as a Minotaur Fighter on Mar 10, 2022.
             Slain by a 14-headed hydra (11 damage)
             ... on level 2 of the Lair of Beasts.
             The game lasted 00:15:47 (12323 turns).

boopmooplesden the Carver (Minotaur Fighter)       Turns: 12323, Time: 00:15:49

Health: 0/95       AC:  8    Str: 25    XL:     11   Next: 13%
Magic:  10/10      EV: 17    Int: 14    God:
Gold:   474        SH:  9    Dex: 11    Spells: 10/10 levels left

rFire   x . .      SeeInvis +   w - +7 falchion "Enefeud" {vorpal, rN+ SInv}
rCold   + . .      Faith    .   c - +3 buckler
rNeg    + + .      Spirit   .   d - +3 leather armour "Voischew" {rElec rPois Str+3}
rPois   +          Reflect  .   (helmet restricted)
rElec   +          Harm     .   h - +0 cloak
rCorr   .          Rampage  .   (no gloves)
Will    .....                   (no boots)
Stlth   ++........              (no amulet)
HPRegen 0.25/turn               F - ring of Juwnib {Ice rPois rN+ Int+7}
MPRegen 0.12/turn               z - +4 ring of evasion

@: no status effects
A: horns 2, retaliatory headbutt
a: no special abilities


You were on level 2 of the Lair of Beasts.
You visited 3 branches of the dungeon, and saw 13 of its levels.

You collected 474 gold pieces.

Inventory:

Hand Weapons
 a - a +0 war axe
 m - a +4 scimitar of flaming
 s - a +1 long sword of protection
 w - the +7 falchion "Enefeud" (weapon) {vorpal, rN+ SInv}
   (You found it on level 6 of the Dungeon)

   It inflicts extra damage upon your enemies.
   rN:        It protects you from negative energy.
   SInv:      It lets you see invisible.
Missiles
 C - 10 javelins (quivered)
Armour
 b - a +0 scale mail
 c - a +3 buckler (worn)
 d - the +3 leather armour "Voischew" (worn) {rElec rPois Str+3}
   (You found it on level 4 of the Dungeon)

   Str:       It affects your strength (+3).
   rElec:     It insulates you from electricity.
   rPois:     It protects you from poison.
 h - a +0 cloak (worn)
 p - +0 swamp dragon scales
Jewellery
 l - a ring of ice
 t - a ring of positive energy
 z - a +4 ring of evasion (right hand)
 F - the ring of Juwnib (left hand) {Ice rPois rN+ Int+7}
   (You found it on level 1 of the Lair of Beasts)

   [ring of ice]

   It enhances your ice magic.
   Int:       It affects your intelligence (+7).
   rF:        It makes you vulnerable to fire.
   rC:        It protects you from cold.
   rPois:     It protects you from poison.
   rN:        It protects you from negative energy.
Wands
 r - a wand of charming (13)
 u - a wand of flame (39)
 x - a wand of polymorph (4)
 y - a wand of paralysis (10)
 G - a wand of mindburst (4)
 H - a wand of acid (2)
Scrolls
 n - 2 scrolls of fog
 v - 2 scrolls of holy word
 A - 5 scrolls of teleportation
 B - 3 scrolls of identify
Potions
 e - a potion of brilliance {unknown}
 f - 4 potions of curing
 g - 5 potions of lignification
 i - 5 potions of attraction
 j - 4 potions of flight {unknown}
 k - 2 potions of mutation
 o - 9 potions of degeneration
 q - 2 potions of resistance {unknown}
 D - a potion of magic {unknown}
 E - 2 potions of ambrosia {unknown}
 I - a potion of heal wounds {unknown}
 K - a potion of berserk rage {unknown}
 L - a potion of might
 M - a potion of haste


   Skills:
 + Level 8.7 Fighting
 + Level 10.7 Long Blades
 + Level 9.4 Axes
 + Level 6.3 Armour
 + Level 6.7 Dodging
 + Level 3.6 Stealth
 + Level 8.9 Shields


You had 10 spell levels left.
You didn't know any spells.
Your spell library contained the following spells:

 Spells                   Type           Power      Damage    Failure   Level
 Summon Small Mammal      Summ           0%         N/A       36%         1
 Corpse Rot               Necr/Air       0%         N/A       52%         2
 Ensorcelled Hibernation  Hex/Ice        0%         N/A       52%         2
 Poisonous Vapours        Pois/Air       0%         N/A       52%         2
 Call Canine Familiar     Summ           0%         N/A       75%         3
 Spider Form              Tmut/Pois      0%         N/A       75%         3
 Summon Guardian Golem    Hex/Summ       0%         N/A       75%         3
 Anguish                  Hex/Necr       0%         N/A       98%         4
 Animate Dead             Necr           0%         N/A       98%         4
 Cause Fear               Hex            0%         N/A       98%         4
 Passage of Golubria      Tloc           0%         N/A       98%         4
 Petrify                  Tmut/Erth      0%         N/A       98%         4
 Blade Hands              Tmut           0%         N/A       100%        5
 Borgnjor's Vile Clutch   Necr/Erth      0%         N/A       100%        5
 Irradiate                Conj/Tmut      0%         3d13      100%        5
 Metabolic Englaciation   Hex/Ice        0%         N/A       100%        5
 Silence                  Hex/Air        0%         N/A       100%        5
 Death Channel            Necr           0%         N/A       100%        6
 Statue Form              Tmut/Erth      0%         N/A       100%        6
 Dragon Form              Tmut           0%         N/A       100%        7
 Lehudib's Crystal Spear  Conj/Erth      0%         10d2      100%        8
 Dragon's Call            Summ           0%         N/A       100%        9


Dungeon Overview and Level Annotations

Branches:
Dungeon (10/15)            Temple (1/1) D:7            Lair (2/6) D:10
    Orc (0/2) D:9
  Swamp: Lair:2-4    Shoals: Lair:2-4     Snake: Lair:2-4    Spider: Lair:2-4

Altars:
Ashenzari
Dithmenos
Elyvilon
Fedhas
Kikubaaqudgha
Qazlal
Ru
Sif Muna
Trog
Uskayaw
Vehumet
Wu Jian
Xom
Yredelemnul
Zin
The Shining One
Jiyva

Shops:
D:1 (=[   D:6 *   D:7 [   D:10 =(


Innate Abilities, Weirdness & Mutations

You have a pair of horns on your head.
You reflexively headbutt those who attack you in melee.


Message History

The ten-headed hydra closely misses you.
The ten-headed hydra misses you. x2; The ten-headed hydra bites you!
The ten-headed hydra bites you but does no damage.
The ten-headed hydra bites you.
You hack one of the ten-headed hydra's heads off!
The nine-headed hydra grows two more!
You slash the 11-headed hydra!
The 11-headed hydra is heavily wounded.
The 11-headed hydra bites you but does no damage.
You block the 11-headed hydra's attack. x2
The 11-headed hydra bites you but does no damage.
The 11-headed hydra bites you. The 11-headed hydra closely misses you.
The 11-headed hydra bites you. The 11-headed hydra closely misses you.
You block the 11-headed hydra's attack. The 11-headed hydra closely misses you.
The 11-headed hydra barely misses you.
You lop one of the 11-headed hydra's heads off!
The ten-headed hydra grows two more!
You slash the 12-headed hydra! You headbutt the 12-headed hydra!
The 12-headed hydra is severely wounded.
The 12-headed hydra bites you! You block the 12-headed hydra's attack.
The 12-headed hydra misses you.
The 12-headed hydra bites you but does no damage. x2
The 12-headed hydra bites you. The 12-headed hydra closely misses you.
You block the 12-headed hydra's attack. The 12-headed hydra barely misses you.
The 12-headed hydra bites you.
* * * LOW HITPOINT WARNING * * *
The 12-headed hydra closely misses you. The 12-headed hydra bites you!
* * * LOW HITPOINT WARNING * * *
You hack one of the 12-headed hydra's heads off!
The 11-headed hydra grows two more!
You slash the 13-headed hydra! You headbutt the 13-headed hydra!
The 13-headed hydra is severely wounded.
Unknown command.
You lop one of the 13-headed hydra's heads off!
The 12-headed hydra grows two more!
You slice the 14-headed hydra!!
The 14-headed hydra is almost dead.
The 14-headed hydra bites you.
* * * LOW HITPOINT WARNING * * *
The 14-headed hydra completely misses you.
The 14-headed hydra bites you!
You die...

##..... ...... .....
.... .... ##...# . #...
.....###. ... ###.##
.....P....
....#.#D.###..........
.......@..........._..
........................
..............(.........
..?.....................
.......................
...##.##..##..........
... ## #####....#..+##.P
.. ##....P.......
#.............


You could see a 14-headed hydra.

Vanquished Creatures
  A cane toad (Lair:1)
  Maggie (D:6)
  2 komodo dragons (Lair:1)
  3 trolls
  Grinder (D:6)
  2 hornets
  A shadow (D:9)
  9 yaks
  A basilisk (Lair:1)
  A water moccasin (D:7)
  Duvessa (D:6)
  An ice beast (D:4)
  7 orc warriors
  A swamp drake (D:9)
  A black bear (Lair:1)
  A necrophage (D:6)
  3 centaurs
  A phantom (D:4)
  5 kobold brigands
  The ghost of styxcanada the Covert, an amateur SpBr (D:3)
  3 bullfrogs
  2 wyvern zombies (D:9)
  A scorpion (D:5)
  Dowan (D:6)
  14 killer bees
  9 wights (D:8)
  A bullfrog zombie (D:5)
  5 centaur zombies
  3 hounds
  2 orc priests
  2 jellies
  5 iguanas
  Natasha (thrice) (D:3)
  2 centaur skeletons
  13 orc wizards
  A statue (D:8)
  An adder (D:5)
  A shadow imp (D:6)
  A white imp (D:7)
  2 adder zombies (D:4)
  A worm (D:3)
  28 orcs
  7 ball pythons
  10 endoplasms
  6 giant cockroaches
  3 goblins
  7 hobgoblins
  10 jackals
  33 kobolds
  5 quokkas
  5 bats
  4 frilled lizards
  3 rats
238 creatures vanquished.

Vanquished Creatures (others)
  4 plants
4 creatures vanquished.

Grand Total: 242 creatures vanquished

Notes
Turn   | Place    | Note
-------+----------+-------------------------------------------
     0 | D:1      | boopmooplesden the Minotaur Fighter began the quest for the
                  | Orb.
     0 | D:1      | Reached XP level 1. HP: 19/19 MP: 0/0
    68 | D:1      | Found Fuidiufe's Armour Shop.
    72 | D:1      | Reached XP level 2. HP: 15/27 MP: 1/1
   268 | D:1      | Found Ofujoli's Jewellery Emporium.
   293 | D:1      | Found Epagamutak's Weapon Emporium.
   561 | D:2      | Found a sacrificial altar of Ru.
   846 | D:2      | Reached XP level 3. HP: 33/33 MP: 2/2
  1288 | D:2      | Reached XP level 4. HP: 38/40 MP: 3/3
  1820 | D:3      | Noticed Natasha
  1835 | D:3      | Killed Natasha
  1952 | D:3      | Noticed Natasha
  1959 | D:3      | Killed Natasha
  1960 | D:3      | Reached XP level 5. HP: 46/46 MP: 4/4
  2029 | D:3      | Noticed Natasha
  2037 | D:3      | Killed Natasha
  2076 | D:3      | Reached skill level 1 in Dodging
  2203 | D:3      | Found a runed translucent gate.
  2206 | D:3      | Found a runed translucent gate.
  2206 | D:3      | Found a runed translucent gate.
  2208 | D:3      | Noticed styxcanada's ghost (amateur SpBr)
  2242 | D:3      | Found a faded altar of an unknown god.
  2657 | D:4      | Noticed an ice beast
  2688 | D:4      | Killed an ice beast
  2689 | D:4      | Reached skill level 5 in Axes
  2689 | D:4      | Reached XP level 6. HP: 21/53 MP: 5/5
  2702 | D:4      | Identified the +3 leather armour "Voischew" {rElec rPois
                  | Str+3}
  3175 | D:4      | Found a stormy altar of Qazlal.
  3189 | D:4      | Found a shadowy altar of Dithmenos.
  3199 | D:4      | Found an ancient bone altar of Kikubaaqudgha.
  3204 | D:4      | Found a blossoming altar of Fedhas.
  3417 | D:4      | Found a basalt altar of Yredelemnul.
  3458 | D:5      | Entered Level 5 of the Dungeon
  3596 | D:5      | Reached skill level 5 in Armour
  3727 | D:5      | Reached skill level 5 in Shields
  3727 | D:5      | Reached XP level 7. HP: 60/60 MP: 6/6
  4213 | D:6      | Reached skill level 5 in Fighting
  4213 | D:6      | Reached skill level 1 in Stealth
  4326 | D:6      | Noticed Maggie
  4520 | D:6      | Found Inorenej's General Store.
  4614 | D:6      | Killed Maggie
  4615 | D:6      | Reached XP level 8. HP: 53/69 MP: 7/7
  4736 | D:6      | Noticed Grinder
  4764 | D:6      | Killed Grinder
  5047 | D:6      | Noticed Dowan
  5048 | D:6      | Noticed Duvessa
  5064 | D:6      | Identified the +7 falchion "Enefeud" {vorpal, rN+ SInv}
  5076 | D:6      | Killed Dowan
  5091 | D:6      | Killed Duvessa
  5854 | D:3      | Killed styxcanada's ghost
  6106 | D:7      | Reached skill level 1 in Long Blades
  6221 | D:7      | Found a staircase to the Ecumenical Temple.
  6345 | Temple   | Entered the Ecumenical Temple
  6537 | D:7      | Found a hide-covered altar of Uskayaw.
  6593 | D:7      | Found an ornate altar of the Wu Jian Council.
  6736 | D:7      | Found Wipref's Antique Armour Shop.
  6775 | D:7      | Reached skill level 2 in Long Blades
  6775 | D:7      | Reached XP level 9. HP: 78/78 MP: 8/8
  6975 | D:7      | Found a white marble altar of Elyvilon.
  6976 | D:7      | Found a glowing silver altar of Zin.
  6977 | D:7      | Found a glowing golden altar of the Shining One.
  7308 | D:8      | Found a radiant altar of Vehumet.
  7674 | D:8      | Found a sacrificial altar of Ru.
  7682 | D:8      | Reached skill level 3 in Long Blades
  7838 | D:8      | Reached skill level 4 in Long Blades
  7954 | D:8      | Reached skill level 5 in Long Blades
  8495 | D:9      | Reached skill level 6 in Long Blades
  8508 | D:9      | Noticed a troll
  8517 | D:9      | Killed a troll
  8863 | D:9      | Reached skill level 7 in Long Blades
  8863 | D:9      | Reached skill level 5 in Dodging
  8974 | D:8      | Reached XP level 10. HP: 39/86 MP: 9/9
  9369 | D:9      | Found a staircase to the Orcish Mines.
  9734 | D:10     | Entered Level 10 of the Dungeon
  9784 | D:10     | Reached skill level 8 in Long Blades
  9792 | D:10     | Found Jerruari's Jewellery Emporium.
 10235 | D:10     | Found a shimmering blue altar of Sif Muna.
 10486 | D:10     | Reached skill level 9 in Long Blades
 10596 | D:10     | Found a staircase to the Lair.
 10661 | D:10     | Reached skill level 10 in Long Blades
 10815 | D:10     | Found Boevvic's Weapon Emporium.
 11028 | Lair:1   | Entered Level 1 of the Lair of Beasts
 11306 | Lair:1   | Identified the ring of Juwnib {Ice rPois rN+ Int+7}
 11385 | Lair:1   | Noticed a cane toad
 11391 | Lair:1   | Killed a cane toad
 11460 | Lair:1   | Reached XP level 11. HP: 41/95 MP: 10/10
 12303 | Lair:2   | Found a glowing golden altar of the Shining One.
 12312 | Lair:2   | Noticed a seven-headed hydra
 12323 | Lair:2   | Slain by a 14-headed hydra

Illustrated notes

Levels and vault maps discovered:
D:1:      sevenhm_arrival_forest_fort_small_6, layout_rooms, serial_shops,
          nicolae_shop_statue_plus, nicolae_shop_trees, shop
D:2:      layout_basic, basic_altar, minmay_tripent
D:3:      layout_basic, shapermc_ecumenical_altar_acropolis,
          gammafunk_ghost_nasty_kobolds, minivault_4, uniq_natasha
D:4:      layout_rooms, lemuel_zombie_altar_yredelemnul,
          grunt_temple_overflow_cloverleaf
D:5:      layout_gridville
D:6:      layout_cave_pools, serial_shops, shop, serial_column_ruins,
          column_ruins_columns_T, column_ruins_corridor_corner,
          column_ruins_columns_straight, column_ruins_columns_straight,
          column_ruins_grid_1, due_unseen_surprise, uniq_grinder, uniq_maggie,
          uniq_duvessa
D:7:      layout_loops_ring, good_gods_temple_1, nzn_wu_jian_council_hall,
          nicolae_uskayaw_dance_hall, temple_pool_b, serial_shops, shop
D:8:      layout_basic, old_standard_altar, vehumet_statue
D:9:      layout_cross, erik_orc_1, minmay_misc_feat_five
D:10:     layout_roguey, kennysheep_orc_sif_temple, lair_entry_dummy,
          serial_shops, nicolae_shop_crystal, nicolae_square_shop,
          amcnicky_mini_pool_small, serial_bayou_crossing
Temple:   pf_slime_end_temple
Lair:1:   layout_chaotic_city
Lair:2:   layout_regular_city, basic_altar, enter_volcano_1, minivault_24

Skill      XL: |  1  2  3  4  5  6  7  8  9 10 |
---------------+-------------------------------+-----
Fighting       | 4 5 6 7 8 |  8.7
Shields        | 4 5 6 7 8 |  8.9
Armour         | 4 5 6 |  6.3
Axes           | 3 4 5 6 8 9 |  9.4
Dodging        | 1 3 5 6 |  6.7
Stealth        | 1 2 3 |  3.6
Long Blades    | 2 7 10 | 10.7

Action                   |  1- 3 |  4- 6 |  7- 9 | 10-12 || total
-------------------------+-------+-------+-------+-------++-------
Melee: War axe           |    74 |   123 |    76 |       ||   273
       Headbutt          |     6 |    15 |    38 |    39 ||    98
       Falchion          |       |       |   184 |   165 ||   349
       Scimitar          |       |       |       |    33 ||    33
  Use: Scroll            |       |     8 |     8 |     6 ||    22
       Potion            |       |     2 |     3 |       ||     5
 Stab: Sleeping          |       |     1 |       |       ||     1
       Distracted        |       |       |       |     1 ||     1
Armor: Scale mail        |    37 |    53 |       |       ||    90
       Leather armour    |       |    12 |    79 |    29 ||   120
Dodge: Dodged            |    34 |    76 |   162 |   122 ||   394
Block: Buckler           |    15 |    44 |   127 |    75 ||   261
